 Dungeon Crawl Stone Soup version 0.15.2 (webtiles) character file.

2992 GhostOklob the Basher (level 9, 0/74 HPs)
             Began as a Deep Dwarf Berserker on Nov 7, 2015.
             Was an Elder of Trog.
             Slain by a worker ant zombie (4 damage)
             ... on Level 9 of the Dungeon.
             The game lasted 00:06:48 (2849 turns).

GhostOklob the Basher (Deep Dwarf Berserker)        Turns: 2849, Time: 00:06:48

HP   0/74        AC  0     Str 20      XL: 9   Next: 54%
MP   7/7         EV 12     Int 11      God: Trog [****..]
Gold 189         SH  0     Dex 14 (15) Spells:  0 memorised,  8 levels left

rFire  . . .     SeeInvis .     z - +0 hunting sling
rCold  . . .     Clarity  .     (no armour)
rNeg   . . .     rCorr    .     (no shield)
rPois  .         rRot     .     (no helmet)
rElec  .         Spirit   .     (no cloak)
SustAb .         Warding  .     (no gloves)
rMut   .         Stasis   .     (no boots)
Gourm  .                        (no amulet)
MR     +....                    b - +2 ring of intelligence
                                (no ring)

@: non-regenerating, somewhat resistant to hostile enchantments, very unstealthy
A: damage resistance, recharge devices, sense surroundings 2, slow healing 3
a: Device Recharging, Burn Spellbooks, Berserk, Trog's Hand, Brothers in Arms,
Renounce Religion


You were on level 9 of the Dungeon.
You worshipped Trog.
Trog was greatly pleased with you.
You were near starving.

You visited 1 branch of the dungeon, and saw 9 of its levels.

You collected 189 gold pieces.


Innate Abilities, Weirdness & Mutations

You are resistant to damage.
You can recharge devices by infusing magical energy.
You passively map the area around you.
You do not heal naturally.


   Skills:
 - Level 2.6 Fighting
   Level 13.2 Maces & Flails
 + Level 0.0 Throwing
 - Level 2.1 Armour
 - Level 2.1 Dodging


You had 8 spell levels left.
You didn't know any spells.

Inventory:

Hand weapons
 z - a +0 hunting sling (weapon)
Comestibles
 d - 2 bread rations
 t - a meat ration
Scrolls
 f - 2 scrolls of identify {unknown}
 m - a scroll of magic mapping {unknown}
 o - 2 scrolls of enchant armour {unknown}
 s - 2 scrolls of remove curse {unknown}
 x - a scroll of random uselessness {unknown}
 y - 3 scrolls of teleportation {unknown}
Jewellery
 b - a +2 ring of intelligence (right hand)
 p - an uncursed ring of ice {unknown}
 q - an uncursed ring of invisibility {unknown}
 u - a cursed ring of loudness {unknown}
 w - an uncursed ring of flight {unknown}
Potions
 e - a potion of poison {unknown}
 h - a potion of resistance {unknown}
 k - a potion of berserk rage {unknown}
 n - 2 potions of heal wounds {unknown}
 r - a potion of invisibility {unknown}
 A - a potion of flight {unknown}

Dungeon Overview and Level Annotations

Branches:
Dungeon (9/15)                Orc (0/4) D:9            Lair (0/8) D:8
 Temple: D:4-7

Altars:
Sif Muna

Shops:
D:6 (

Annotations:
D:4 Sigmund
D:5 Eustachio
D:9 exclusion: door

*,,*,*,*,,***,* #.######...#
*,,,,,,,,,,,,,* #.#........#
,,,*,*,*,,*#*** #.#.####.#.#
****,,,,,,#..,* #.#,* #.#.#
***,**.#...*
###?#.####.#.####
*,,,#....###...............#
***,.........###.##.#.#.....
*........Z.# *,**,#.#.###.
*........g.# *,#*,#[#.# #.
*###....##.###.#*,*.#.# #. *
#....)....[.##.#.#.# #. *
#............/.....# #.
*********
#######.######.##### #.
,,,,,,,,* #.# *,* #.
*******,* #.# *,* ## * *,*
####.######.# * *,*
#.....<.....#


You could see a worker ant zombie.


Message History

The worker ant zombie misses you.
You swing at nothing.
The worker ant zombie bites you.
* * * LOW HITPOINT WARNING * * *
You swing at nothing.
The worker ant zombie bites you.
* * * LOW HITPOINT WARNING * * *
The worker ant zombie misses you.
You swing at nothing.
The worker ant zombie closely misses you.
You swing at nothing.
The worker ant zombie bites you.
The worker ant zombie barely misses you.
You swing at nothing.
The worker ant zombie misses you.
You swing at nothing.
The worker ant zombie bites you.
* * * LOW HITPOINT WARNING * * *
The worker ant zombie barely misses you.
You swing at nothing.
The worker ant zombie barely misses you.
You swing at nothing.
The worker ant zombie completely misses you.
The worker ant zombie bites you.
* * * LOW HITPOINT WARNING * * *
You swing at nothing.
The worker ant zombie misses you.
You swing at nothing.
The worker ant zombie misses you.
The worker ant zombie closely misses you.
You swing at nothing.
The worker ant zombie waves its antennae.
The worker ant zombie bites you.
You swing at nothing.
The worker ant zombie bites you.
* * * LOW HITPOINT WARNING * * *
The worker ant zombie bites you.
You die...

Action                   |  1- 3 |  4- 6 |  7- 9 || total
-------------------------+-------+-------+-------++-------
Melee: Mace              |    35 |       |       ||    35
       Flail             |       |   119 |   308 ||   427
Invok: Berserk           |     1 |     2 |     1 ||     4
       Trog's Hand       |       |       |     1 ||     1
 Abil: Device Recharging |       |       |     2 ||     2
Evoke: Wand              |     1 |     1 |     5 ||     7
 Stab: Distracted        |       |       |     1 ||     1
  Eat: Chunk             |       |     2 |     6 ||     8
       Pizza             |       |     1 |       ||     1

Vault maps used:
D:1:      dpeg_arrival_fog, minivault_27
D:2:      wad_crossroads, nicolae_overflow_hidden_temple, lemuel_crystal_altar,
          first_bread
D:4:      minivault_1, minmay_bisected, uniq_sigmund
D:5:      serial_shops, nicolae_shop_trees, gup_sewer_entry_pipe,
          nicolae_tso_swordbearing_angel, uniq_eustachio, uniq_edmund,
          uniq_blork_the_orc
D:6:      serial_park_square1, serial_shops, shop, basic_altar
D:7:      minmay_temple_entry_fiery, grunt_livestock
D:8:      old_standard_altar, minmay_lair_entry_grove, roderic_batcave
D:9:      led_sif_book, orc_0_dummy

Notes
Turn   | Place    | Note
--------------------------------------------------------------
     0 | D:1      | GhostOklob, the Deep Dwarf Berserker, began the quest for the Orb.
     0 | D:1      | Reached XP level 1. HP: 20/20 MP: 1/1
   155 | D:3      | Reached XP level 2. HP: 27/27 MP: 2/2
   254 | D:4      | Noticed Sigmund
   262 | D:5      | Entered Level 5 of the Dungeon
   268 | D:5      | Noticed Edmund
   278 | D:5      | Killed Edmund
   278 | D:5      | Reached skill level 5 in Maces & Flails
   278 | D:5      | Reached XP level 3. HP: 33/33 MP: 3/3
   278 | D:5      | Reached XP level 4. HP: 40/40 MP: 4/4
   471 | D:5      | Reached XP level 5. HP: 41/46 MP: 5/5
   551 | D:5      | Reached skill level 6 in Maces & Flails
   556 | D:5      | Noticed Eustachio
   615 | D:6      | Noticed a sky beast
   627 | D:6      | Killed a sky beast
   628 | D:6      | Found Lucwep's Weapon Emporium.
   723 | D:6      | Acquired Trog's second power
   910 | D:6      | Reached XP level 6. HP: 38/55 MP: 6/6
   943 | D:6      | Noticed an orc warrior
  1026 | D:7      | Reached skill level 7 in Maces & Flails
  1157 | D:7      | Noticed a hungry ghost
  1175 | D:7      | Killed a hungry ghost
  1175 | D:7      | Reached skill level 8 in Maces & Flails
  1175 | D:7      | Reached XP level 7. HP: 61/61 MP: 7/7
  1477 | D:8      | Reached skill level 9 in Maces & Flails
  1510 | D:8      | Found a staircase to the Lair.
  1534 | D:8      | Reached XP level 8. HP: 43/68 MP: 8/8
  1557 | D:8      | Reached skill level 10 in Maces & Flails
  1789 | D:9      | Reached skill level 11 in Maces & Flails
  1955 | D:9      | Gained mutation: You passively map the area around you. [level up]
  1955 | D:9      | Reached XP level 9. HP: 41/74 MP: 8/8
  1978 | D:9      | Reached skill level 12 in Maces & Flails
  2118 | D:9      | Killed an unseen horror
  2176 | D:9      | Found a deep blue altar of Sif Muna.
  2214 | D:9      | Acquired Trog's third power
  2284 | D:9      | Reached skill level 13 in Maces & Flails
  2343 | D:9      | Found a staircase to the Orcish Mines.
  2653 | D:9      | Found a staircase to the Orcish Mines.
  2845 | D:9      | HP: 7/74 [worker ant zombie (5)]
  2849 | D:9      | Slain by a worker ant zombie

Vanquished Creatures
  An unseen horror (D:9)
  3 yaks (D:9)
  A hungry ghost (D:7)
  Edmund (D:5)
  4 porcupines (D:8)
  3 ogres (D:9)
  A sky beast (D:6)
  A crocodile (D:8)
  A big kobold (D:7)
  2 giant frogs
  A scorpion (D:8)
  2 crimson imps (D:9)
  A jelly (D:9)
  2 hounds (D:9)
  A quasit (D:8)
  An orc priest (D:9)
  7 orc wizards (D:9)
  3 worker ants
  7 sheep (D:8)
  A green rat (D:8)
  2 shadow imps
  An adder (D:6)
  A giant mite (D:5)
  3 giant geckos
  11 orcs
  A giant cockroach (D:3)
  2 hobgoblins
  4 jackals (D:9)
  3 quokkas
  2 bats (D:6)
  2 giant newts
  3 goblins
  6 kobolds
  An orc zombie (D:7)
  A quokka zombie (D:8)
  4 rats
91 creatures vanquished.
